 Dungeon Sprint DCSS version 0.22-a0-479-gc6e99f3 (webtiles) character file.

32 galech the Skirmisher (level 3, -4/66 HPs)
             Began as an Ogre Berserker on June 14, 2018.
             Was a Believer of Trog.
             Slain by a human (8 damage)
             ... in the Dungeon (Sprint III: "The Ten Rune Challenge").
             The game lasted 00:00:24 (201 turns).

galech the Skirmisher (Ogre Berserker)               Turns: 201, Time: 00:00:25

Health: -4/66      AC:  3    Str: 27    XL:     3   Next: 25%
Magic:  3/3        EV: 11    Int:  8    God:    Trog [**....]
Gold:   0          SH:  0    Dex:  8    Spells: 2/2 levels left

rFire    . . .     SeeInvis .   a - +0 mace
rCold    . . .     Gourm    .   (no shield)
rNeg     . . .     Faith    .   b - +0 animal skin
rPois    .         Spirit   .   (helmet restricted)
rElec    .         Reflect  .   (no cloak)
rCorr    .         Harm     .   (gloves unavailable)
MR       .....     NoTele   +   (boots unavailable)
Stlth    ..........             (no amulet)
HPRegen  0.21/turn              (no ring)
MPRegen  0.08/turn              (no ring)

@: berserking, very quick
A: large, unfitting armour, tough skin 1
a: Berserk, Trog's Hand, Renounce Religion


You were in the Dungeon.
You worshipped Trog.
Trog was pleased with you.
You were not hungry.

You visited 1 branch

Inventory:

Hand Weapons
 a - a +0 mace (weapon)
Armour
 b - a +0 animal skin (worn)
Scrolls
 i - a scroll of blinking
Potions
 d - a potion of curing
 e - a potion of heal wounds
 f - a potion of haste
 g - 2 potions of magic
 h - a potion of berserk rage
 k - a potion of cancellation {unknown}
Comestibles
 c - a ration
 j - a chunk of flesh


   Skills:
 + Level 6.1 Fighting
 + Level 4.2 Maces & Flails
 + Level 4.2 Dodging


You had 2 spell levels left.
You didn't know any spells.
Your spell library was empty.

Dungeon Overview and Level Annotations

Branches:
Dungeon (1/1)

Altars:


Innate Abilities, Weirdness & Mutations

You are too large for most types of armour.
You have tough skin. (AC +1)


Message History

The human completely misses you. The human hits you.
* * * LOW HITPOINT WARNING * * *
You thump the human!
The human is almost dead.
The human closely misses you.
You closely miss the human.
The human is almost dead.
The human misses you.
You hit the human.
The human is almost dead.
The human hits you!
* * * LOW HITPOINT WARNING * * *
A red film seems to cover your vision as you go berserk!
You feel yourself moving faster!
You feel mighty!
You feel a lot more hungry. The human hits you.
* * * LOW HITPOINT WARNING * * *
You completely miss the human.
The human is almost dead.
The human hits you!
You die...

▓#'####
▓.....#....≈.♣ .#
▓.....#...≈≈.♣ ..#
▓....(#..≈≈≈≈♣♣♣..+
▓####'#..≈≈≈≈≈≈...#
▓...).#.≈≈≈≈≈≈....#
▓.....#.≈≈≈≈≈.....#
▓.....#.≈≈≈.......#
▓'#####....@p.....#
▓.................#
▓▓▓▓▓▓▓▓▓▓▓▓▓▓▓▓▓▓▓


You could see a human.

Vanquished Creatures
  Jessica (D)
  An ooze (D)
  2 rats (D)
4 creatures vanquished.

Vanquished Creatures (others)
  A draconian scorcher (D)
  6 hellions (D)
7 creatures vanquished.

Grand Total: 11 creatures vanquished

Notes
Turn   | Place    | Note
-------+----------+-------------------------------------------
     0 | D        | galech the Ogre Berserker began the quest for the Orb.
     0 | D        | Reached XP level 1. HP: 24/24 MP: 1/1
    51 | D        | Reached ** piety under Trog
    52 | D        | Noticed Jessica
    55 | D        | Killed Jessica
    55 | D        | Reached skill level 6 in Fighting
    55 | D        | Reached XP level 2. HP: 21/36 MP: 2/2
    55 | D        | Reached XP level 3. HP: 25/44 MP: 3/3
    80 | D        | Killed a hellion
   101 | D        | Killed a hellion
   101 | D        | Killed a hellion
   102 | D        | Killed a hellion
   102 | D        | Killed a hellion
   143 | D        | Killed a hellion
   170 | D        | Killed a white draconian scorcher
   201 | D        | Slain by a human

Vault maps used:
D:        dungeon_sprint_mu

Skill      XL: |  1 |
---------------+----+-----
Maces & Flails | 4 |  4.2
Dodging        | 4 |  4.2
Fighting       | 6 |  6.1

Action                   || total
-------------------------++-------
Melee: Mace              ||    31
Invok: Berserk           ||     2
Armor: Animal skin       ||     4
Dodge: Dodged            ||    23

Table legend:
 A = Spawn XP
 B = Non-spawn XP
 C = Spawn XP percentage of total XP
 D = Spawn monster count
 E = Non-spawn monster count
 F = Spawn count percentage of total count
 G = Total turns spent on level
                    A         B        C        D         E        F      G
               +---------+---------+-------+---------+---------+-------+---------
         Total |       0 |      46 |   0.0 |       0 |       4 |   0.0 |   201
               +---------+---------+-------+---------+---------+-------+---------
             D |       0 |      46 |   0.0 |       0 |       4 |   0.0 |   201
               +---------+---------+-------+---------+---------+-------+---------
